Map: Eternal Empire LE

Players

KungFury

  • Race: Protoss Protoss
  • League: Silver
  • Spawn Location: 7:00

redbusman - Winner!

  • Race: Terran Terran
  • League: Bronze
  • Spawn Location: 1:00

VOD

Have the link to the VOD?

Description

Time

  • Played on: July 20, 2020, 7:47 p.m.
  • Length: 12:28
Show
View Real Time Build Order
Export as new Build Order

KungFury Protoss 

Build Orders: 1 Gate Expand, Double Forge 

Get SALT Encoding   

  12  0:01  Probe  
  13  0:14  Pylon  
  13  0:18  Probe  
  14  0:30  Probe  
  15  0:36  Gateway  
  15  0:39  Probe  
  16  0:47  Probe  
  16  0:50  Assimilator  
  16  0:56  Probe  
  18  1:17  Pylon  
  18  1:27  Cybernetics Core  
  18  1:37  Warp Gate  
  18  1:43  Nexus  
  18  1:45  Probe  
  19  1:54  Assimilator  
  19  1:58  Probe  
  20  2:04  Adept  
  22  2:44  Pylon  
  22  2:48  Stalker  
  24  3:03  Gateway  
  24  3:08  Probe  
  24  3:10  Probe  
  26  3:20  Probe  
  26  3:22  Probe  
  28  3:32  Probe  
  29  3:34  Probe  
  30  3:44  Probe  
  30  3:46  Probe  
  32  3:56  Probe  
  32  3:59  Stalker x2  
  37  4:07  Twilight Council  
  37  4:12  Forge  
  37  4:14  Forge  
  37  4:21  Gateway  
  37  4:27  Pylon  
  37  4:34  Stalker x2  
  41  4:39  Blink  
  41  4:45  Protoss Ground Weapons Level 1  
  41  4:46  Protoss Ground Armor Level 1  
  41  5:06  Probe  
  42  5:09  Probe  
  42  5:14  Assimilator  
  43  5:18  Probe  
  43  5:19  Assimilator  
  43  5:21  Probe  
  45  5:33  Probe  
  45  5:34  Stalker  
  45  5:35  Stalker x2  
  52  5:45  Probe  
  53  5:57  Probe  
  52  6:23  Stalker x2  
  52  6:25  Stalker  
  58  6:54  Gateway  
  58  6:57  Gateway  
  58  7:09  Stalker  
  58  7:10  Stalker  
  58  7:11  Nexus  
  62  7:18  Pylon  
  62  7:30  Protoss Ground Weapons Level 2  
  62  7:33  Protoss Ground Armor Level 2  
  62  7:41  Stalker  
  62  7:42  Stalker  
  62  7:43  Stalker  
  68  7:54  Photon Cannon  
  68  7:56  Photon Cannon  
  68  7:58  Photon Cannon  
  46  8:22  Stalker x2  
  46  8:23  Stalker x2  
  46  8:24  Stalker  
  56  8:38  Probe  
  57  8:43  Robotics Facility  
  57  8:45  Robotics Facility  
  57  8:50  Probe  
  58  9:00  Pylon  
  58  9:02  Probe  
  59  9:14  Probe  
  59  9:16  Stalker  
  59  9:17  Stalker x3  
  64  9:18  Stalker  
  70  9:26  Probe  
  70  9:29  Photon Cannon  
  71  9:31  Photon Cannon  
  71  9:38  Probe  
  71  9:45  Gateway  
  72  9:49  Gateway  
  72  9:50  Probe  
  73  9:54  Pylon  
  73  9:56  Pylon  
  73  10:03  Probe  
  73  10:05  Pylon  
  74  10:07  Probe  
  74  10:10  Pylon  
  75  10:15  Probe  
  75  10:19  Probe  
  73  10:27  Stalker, Probe  
  73  10:28  Stalker  
  76  10:29  Stalker x2  
  76  10:30  Stalker  
  76  10:31  Probe  
  75  10:39  Photon Cannon, Probe  
  75  10:41  Photon Cannon  
  64  10:43  Probe  
  64  10:47  Photon Cannon  
  64  10:48  Photon Cannon  
  59  10:56  Photon Cannon  
  50  10:59  Stalker  
  50  11:00  Stalker x2  
  50  11:01  Stalker  
  50  11:02  Stalker  
  50  11:29  Photon Cannon  
  50  11:30  Photon Cannon  
  49  11:37  Photon Cannon  
  49  11:39  Photon Cannon  
  46  11:43  Stalker x2  
  46  11:44  Stalker  
  46  11:45  Stalker x2  
  46  11:46  Stalker  
  43  11:47  Stalker  
  30  12:07  Stalker x2  
  34  12:10  Stalker x2  
  34  12:11  Stalker  
Show
View Real Time Build Order
Export as new Build Order

redbusman Terran - Winner!

Build Orders:  

Get SALT Encoding   

  12  0:01  SCV  
  13  0:13  SCV  
  14  0:18  Supply Depot  
  14  0:25  SCV  
  15  0:40  SCV  
  16  0:43  Barracks  
  16  0:51  Refinery  
  16  0:52  SCV  
  17  1:04  SCV  
  18  1:16  SCV  
  19  1:30  Marine  
  19  1:32  Orbital Command  
  20  1:40  Command Center  
  20  1:54  Supply Depot  
  20  2:00  Factory  
  20  2:02  SCV  
  21  2:24  Refinery  
  21  2:25  SCV  
  22  2:32  Barracks Reactor  
  22  2:37  SCV  
  23  2:49  Starport, SCV  
  24  2:57  Orbital Command  
  24  3:01  SCV  
  25  3:11  Marine x2  
  27  3:13  SCV  
  27  3:15  Widow Mine  
  30  3:25  SCV  
  31  3:29  Marine x2  
  33  3:37  SCV  
  33  3:47  Marine x2  
  33  3:57  SCV  
  34  4:05  Marine x2  
  34  4:09  SCV  
  37  4:21  SCV  
  37  4:23  Marine x2  
  40  4:25  Refinery  
  40  4:28  Factory Tech Lab  
  40  4:29  Starport Tech Lab  
  40  4:33  SCV  
  41  4:40  Marine  
  41  4:44  Barracks  
  42  4:45  SCV  
  42  4:48  Barracks  
  43  4:58  SCV  
  44  5:00  Supply Depot  
  44  5:02  Supply Depot  
  44  5:05  Marine x2  
  46  5:15  Engineering Bay  
  46  5:21  Medivac  
  46  5:23  Marine x2  
  50  5:41  Marine x2  
  52  5:47  Combat Shield  
  52  5:50  Stimpack  
  52  5:51  Medivac  
  54  5:58  Marine x2  
  54  5:59  Missile Turret  
  56  6:05  Engineering Bay  
  55  6:21  Medivac  
  57  6:27  Marine x3  
  57  6:28  Marine  
  61  6:45  Marine  
  62  6:53  Supply Depot x2  
  62  6:54  Supply Depot  
  62  6:56  Supply Depot x2  
  62  6:57  Supply Depot  
  62  7:02  Terran Infantry Weapons Level 1  
  62  7:14  Marine x4  
  66  7:21  Missile Turret  
  66  7:29  Medivac  
  68  7:32  Marine x4  
  72  7:39  SCV  
  73  7:50  Marine x4  
  77  7:56  Factory Tech Lab  
  77  7:59  Medivac  
  78  8:08  Marine x4  
  81  8:25  Cyclone, Marine x4  
  88  8:29  Medivac  
  90  8:37  Armory  
  90  8:43  Marine x4  
  90  8:47  Supply Depot  
  94  8:48  Supply Depot  
  94  8:49  Supply Depot  
  94  8:51  Supply Depot  
  94  8:52  Supply Depot  
  94  8:53  SCV  
  95  8:57  Terran Infantry Armor Level 1  
  95  8:58  Cyclone  
  95  8:59  Medivac  
  95  9:01  Marine x4  
  104  9:05  SCV  
  105  9:17  SCV  
  105  9:19  Marine x4  
  105  9:21  Command Center  
  110  9:29  SCV, Medivac  
  110  9:30  Cyclone  
  116  9:37  Marine x3  
  119  9:41  SCV  
  119  9:43  Command Center  
  120  9:56  Marine  
  120  9:57  Marine x3  
  124  10:02  Cyclone  
  124  10:14  Marine x3  
  124  10:15  Marine  
  122  10:28  Medivac  
  114  10:32  Marine x4  
  114  10:34  Cyclone  
  103  10:50  Marine x4  
  103  10:56  Planetary Fortress  
  106  10:58  Medivac  
  108  11:08  Marine x4  
  108  11:26  Marine x2  
  108  11:28  Medivac  
  112  11:34  Marine  
  112  11:35  Marine  
  114  11:43  Marine  
  114  11:44  Marine  
  116  11:52  Marine x2  
  115  11:58  Medivac  
  115  12:01  Marine x2  
Tags
 
Add a new tag
Caveats
  • Supply blocks, unpowered buildings, or Contaminate may cause inaccurate times.
  • Supply counts are checked every 10 seconds.